 Dungeon Sprint DCSS version 0.17-a0-1714-g35622ae (webtiles) character file.

900000 ztt the Portalist (level 12, -21/120 HPs)
             Began as a Deep Dwarf Warper on Aug 23, 2015.
             Was a Follower of Makhleb.
             Demolished by a meat berserker
             ... wielding a +9 battleaxe
              (34 damage)
             ... in the Dungeon (Sprint VIII: "Arena of Blood").
             The game lasted 00:00:20 (9 turns).

ztt the Portalist (Deep Dwarf Warper)                  Turns: 9, Time: 00:00:20

Health: -21/120    AC:  3    Str: 19    XL:     12   Next: 96%
Magic:  3/27       EV: 18    Int: 15    God:    Makhleb [*.....]
Gold:   0          SH:  0    Dex: 12    Spells: 1 memorised, 33 levels left

rFire  . . .     SeeInvis .     m - +∞ Axe of Woe
rCold  . . .     Clarity  .     b - +0 leather armour
rNeg   . . .     SustAt   .     (no shield)
rPois  .         Gourm    .     (no helmet)
rElec  .         Spirit   .     (no cloak)
rCorr  .         Warding  .     (no gloves)
rMut   .         NoTele   +     (no boots)
MR     +....                    (no amulet)
Stlth  +.........               (no ring)
                                (no ring)

@: non-regenerating, somewhat resistant to hostile enchantments, very unstealthy
A: damage resistance, recharge devices, sense surroundings 2, slow healing 3
a: Device Recharging, Renounce Religion


You were in the Dungeon.
You worshipped Makhleb.
Makhleb was aware of your devotion.
You were not hungry.

You visited 1 branch

Inventory:

Hand weapons
 a - a +0 hand axe
 m - the +∞ Axe of Woe (weapon)
   (You found it in the Dungeon)
Missiles
 e - 5 tomahawks of dispersal (quivered)
Armour
 b - a +0 leather armour (worn)
Magical devices
 f - a wand of heal wounds (5)
Scrolls
 d - 2 scrolls of blinking
Potions
 h - a potion of curing
 i - a potion of heal wounds
 j - a potion of haste
 k - 2 potions of magic
 l - a potion of berserk rage
Books
 c - a book of Spatial Translocations

   Spells                             Type                      Level
   a - Apportation                    Translocation                1
   b - Blink                          Translocation                2
   c - Shroud of Golubria             Charms/Translocation         2
   d - Portal Projectile              Translocation                3
   e - Teleport Other                 Translocation                3
   f - Passage of Golubria            Translocation                4
Comestibles
 g - a bread ration


   Skills:
 + Level 11.5 Fighting
 + Level 13.4 Axes
 + Level 3.2 Throwing
 + Level 4.0 Armour
 + Level 12.6 Dodging
 + Level 11.9 Spellcasting
 + Level 23.2 Translocations


You had 33 spell levels left.
You knew the following spells:

 Your Spells              Type           Power        Failure   Level  Hunger
a - Apportation           Tloc           ######....   0%          1    None


Dungeon Overview and Level Annotations

Branches:
Dungeon (1/1)

Altars:
Makhleb


Innate Abilities, Weirdness & Mutations

You are resistant to damage.
You can recharge devices by infusing magical energy.
You passively map the area around you.
You do not heal naturally.


Message History

You slash the bag of meat!
You cleave the bag of meat in twain.
You kill the bag of meat!
Makhleb accepts your kill.
You can now gain health from killing.
Your Fighting skill increases to level 11!
Your Axes skill gained 2 levels and is now at level 13!
Your Throwing skill increases to level 3!
Your Armour skill increases to level 4!
Your Dodging skill increases to level 12!
Your Spellcasting skill increases to level 11!
Your Translocations skill gained 3 levels and is now at level 23!
You have reached level 12!
Your experience leads to an increase in your attributes!
Increase (S)trength, (I)ntelligence, or (D)exterity?
You feel stronger.
You feel clever.
You hear a shout! x5
The meat berserker hits you with a +9 battleaxe!!!
* * * LOW HITPOINT WARNING * * *
You hear a shout! x5
The meat berserker hits you with a +9 battleaxe!!!
You die...

,#.., ,..# , , ,
#.. ..# ,, , , ,,
,.###.., ..###.
,, , ,
......###...... ,
, , , ....._.....
, , #.....#, . ,*
, , . #_.<._# ...
,, , ,
....#...o.#.....,
,,
.....o)@Oo.o....
,
....o.###.......
* , .###..,
,..###.. , , #..
, oo#, , , , ,,
#., ,..#, , , ,
..


o.o , , * .. , .... , , , , .... *, * * , ,,,,, * , You could see a meat
berserker (berserk) and 5 bags of meat.

Vanquished Creatures
  2 orcs (D)
2 creatures vanquished.

Notes
Turn   | Place    | Note
--------------------------------------------------------------
     0 | D        | ztt the Deep Dwarf Warper began the quest for the Orb.
     0 | D        | Reached XP level 1. HP: 19/19 MP: 3/3
     3 | D        | Noticed a bag of meat
     3 | D        | Noticed a bag of meat
     4 | D        | Became a worshipper of Makhleb the Destroyer
     5 | D        | Noticed a bag of meat
     5 | D        | Noticed a bag of meat
     5 | D        | Noticed a bag of meat
     5 | D        | Noticed a meat berserker
     6 | D        | Noticed a bag of meat
     7 | D        | Noticed a bag of meat
     8 | D        | Noticed a bag of meat
     9 | D        | Killed a bag of meat
     9 | D        | Reached skill level 10 in Fighting
     9 | D        | Reached skill level 11 in Axes
     9 | D        | Reached skill level 10 in Spellcasting
     9 | D        | Reached skill level 20 in Translocations
     9 | D        | Reached XP level 2. HP: 24/42 MP: 3/13
     9 | D        | Reached XP level 3. HP: 28/49 MP: 3/14
     9 | D        | Reached XP level 4. HP: 32/56 MP: 3/16
     9 | D        | Reached XP level 5. HP: 36/63 MP: 3/17
     9 | D        | Reached XP level 6. HP: 41/72 MP: 3/19
     9 | D        | Reached XP level 7. HP: 44/79 MP: 3/20
     9 | D        | Reached XP level 8. HP: 47/86 MP: 3/22
     9 | D        | Gained mutation: You passively map the area around you. [Deep Dwarf growth]
     9 | D        | Reached XP level 9. HP: 50/93 MP: 3/23
     9 | D        | Reached XP level 10. HP: 54/102 MP: 3/24
     9 | D        | Reached XP level 11. HP: 57/108 MP: 3/25
     9 | D        | Killed a bag of meat
     9 | D        | Acquired Makhleb's first power
     9 | D        | Reached skill level 23 in Translocations
     9 | D        | Reached XP level 12. HP: 61/120 MP: 3/27
     9 | D        | Demolished by a meat berserker

Vault maps used:
D:        meatsprint

Action                   |  1- 3 |  4- 6 |  7- 9 | 10-12 || total
-------------------------+-------+-------+-------+-------++-------
Melee: Executioner's axe |     1 |       |       |       ||     1
